 Dungeon Crawl Stone Soup version 0.29.1-1-gd02db6906a (webtiles) character file.

Game seed: 13993949763860276411

193 tombik the Chopper (level 5, -5/42 HPs)
             Began as a Demonspawn Berserker on Oct 9, 2022.
             Was a Believer of Trog.
             Slain by Natasha (7 damage)
             ... on level 4 of the Dungeon.
             The game lasted 00:10:25 (4084 turns).

tombik the Chopper (Demonspawn Berserker)           Turns: 4084, Time: 00:10:26

Health: -5/42      AC:  2    Str: 19    XL:     5   Next: 44%
Magic:  5/5        EV: 12    Int:  9    God:    Trog [**....]
Gold:   131        SH:  0    Dex: 12    Spells: 4/4 levels left

rFire   + . .      SeeInvis .   a - +1 hand axe
rCold   x . .      Faith    .   (no shield)
rNeg    . . .      Spirit   .   b - +0 animal skin
rPois   .          Reflect  .   (no helmet)
rElec   .          Harm     .   (no cloak)
rCorr   .          Rampage  .   (no gloves)
Will    .....                   (no boots)
Stlth   ++........              (no amulet)
HPRegen 0.14/turn               e - ring of fire
MPRegen 0.18/turn               (no ring)

@: mighty, slowed, very slow
A: demonic guardian 3, magic regeneration
a: Renounce Religion, Berserk, Trog's Hand


You were on level 4 of the Dungeon.
You worshipped Trog.
Trog was pleased with you.
You visited 1 branch of the dungeon, and saw 4 of its levels.

You collected 131 gold pieces.

Inventory:

Hand Weapons
 a - a +1 hand axe (weapon)
Missiles
 h - 5 poisoned darts (quivered)
Armour
 b - a +0 animal skin (worn)
Jewellery
 e - a ring of fire (left hand)
Scrolls
 c - 2 scrolls of identify
 k - a scroll of silence {unknown}
Potions
 d - a potion of cancellation
 g - a potion of might


   Skills:
 + Level 3.9 Fighting
 + Level 4.4 Axes
 + Level 0.2 Throwing
 + Level 1.8 Armour
 + Level 2.7 Dodging
 + Level 1.0 Stealth


You had 4 spell levels left.
You didn't know any spells.
Your spell library was empty.

Dungeon Overview and Level Annotations

Branches:
Dungeon (4/15)
 Temple: D:4-7

Altars:
Qazlal

Shops:
D:2 (

Annotations:
D:3 Natasha


Innate Abilities, Weirdness & Mutations

A powerful demonic guardian rushes to your aid.
You regenerate magic rapidly.


Message History

You feel invigorated. Something claws you.
You hear some strange, mumbled words.
You bump into the rock wall.
You feel less invigorated.
You feel less confused. Something claws you! Something completely misses you.
Found a jewelled bronze wand.
You hear some strange, mumbled words.
You feel as though you will be slow longer.
Found an escape hatch in the floor.
A magic dart appears from out of thin air!
The magic dart hits you!
You hear some strange, mumbled words.
There is an escape hatch in the floor here.
The shadow imp disappears in a puff of smoke!
Something claws you but does no damage.
You slide downwards.
The hatch slams shut behind you.
Reactivating autopickup.
Found 16 gold pieces and a scroll labelled QIPLYM GOLUIHO.
A ball python is nearby!
Something claws you.
Deactivating autopickup; reactivate with Ctrl-A.
You hear some strange, mumbled words.
A magic dart appears from out of thin air!
The magic dart hits you!
* * * LOW HITPOINT WARNING * * *
A demonic guardian appears!
You swap places.
Something barely misses your sun demon. Something claws your sun demon.
Something claws your sun demon but does no damage.
You hear some strange, mumbled words.
Something closely misses your sun demon. x2
Something claws your sun demon but does no damage.
Something barely misses your sun demon.
Something claws your sun demon but does no damage.
Your sun demon disappears in a puff of smoke!
You feel very mighty all of a sudden. Something claws you!
* * * LOW HITPOINT WARNING * * *
A demonic guardian appears!
Something claws you!
You die...

.
#.....#
#.#...
#..S.
..?..
###.#..
#.3.#.#
#@###$#
#.{5..#
#######


You could see an iron imp (summoned) and a friendly sun demon (summoned,
wandering).

Vanquished Creatures
  3 adders
  A dart slug (D:2)
  2 orcs (D:3)
  4 bats
  An endoplasm (D:2)
  8 giant cockroaches
  4 goblins
  A hobgoblin (D:2)
  6 jackals
  2 quokkas
  5 ball pythons
  2 frilled lizards
  3 kobolds
  11 rats
53 creatures vanquished.

Vanquished Creatures (collateral kills)
  An orc wizard (D:3)
  Natasha (twice) (D:3)
  An adder (D:3)
  A worm (D:2)
  2 orcs
  An endoplasm (D:2)
  8 jackals
  2 kobolds (D:2)
18 creatures vanquished.

Grand Total: 71 creatures vanquished

Notes
Turn   | Place    | Note
-------+----------+-------------------------------------------
     0 | D:1      | tombik the Demonspawn Berserker began the quest for the
                  | Orb.
     0 | D:1      | Reached XP level 1. HP: 18/18 MP: 1/1
    79 | D:1      | Gained mutation: You regenerate magic rapidly. [demonic
                  | ancestry]
    79 | D:1      | Reached XP level 2. HP: 18/24 MP: 2/2
    82 | D:1      | Reached skill level 3 in Axes
   606 | D:1      | Reached ** piety under Trog
   795 | D:1      | Found a faded altar of an unknown god.
  1224 | D:1      | Gained mutation: A weak demonic guardian rushes to your
                  | aid. [demonic ancestry]
  1224 | D:1      | Reached XP level 3. HP: 29/29 MP: 3/3
  2454 | D:2      | Found Fentom's Weapon Shoppe.
  2469 | D:2      | Gained mutation: A demonic guardian rushes to your aid.
                  | [demonic ancestry]
  2469 | D:2      | Reached XP level 4. HP: 23/35 MP: 4/4
  3584 | D:3      | Noticed Natasha
  3590 | D:3      | Killed Natasha
  3591 | D:3      | Reached skill level 4 in Axes
  3598 | D:3      | Noticed Natasha
  3605 | D:3      | Killed Natasha
  3606 | D:3      | Gained mutation: A powerful demonic guardian rushes to your
                  | aid. [demonic ancestry]
  3606 | D:3      | Reached XP level 5. HP: 16/42 MP: 5/5
  3834 | D:3      | Found a stormy altar of Qazlal.
  3835 | D:3      | Noticed an air elemental
  3837 | D:3      | Noticed a fire elemental
  3837 | D:3      | Noticed a water elemental
  3881 | D:3      | Reached skill level 1 in Stealth
  4055 | D:3      | Noticed Natasha
  4084 | D:4      | HP: 2/42 [something (8)]
  4084 | D:4      | Slain by Natasha

Illustrated notes

Levels and vault maps discovered:
D:1:      dpeg_arrival_prison, layout_basic, ebering_ecumenical_altar_petrified,
          minmay_heptomino_w4
D:2:      layout_loops_ring, serial_shops,
          nicolae_shop_temple_entry_statues_fountains
D:3:      layout_basic, mainiacjoe_overflow_catwalk,
          nicolae_qazlal_style_of_elements, serial_shops, shop, uniq_natasha
D:4:      layout_basic, lemuel_round_altar, nicolae_shop_firing_range,
          uniq_grinder

Skill      XL: |  1  2  3  4  5 |
---------------+----------------+-----
Axes           | 3 4 |  4.4
Dodging        | 2 |  2.7
Stealth        | 1 |  1.0
Fighting       | |  3.9
Throwing       | |  0.2
Armour         | |  1.8

Action                   |  1- 3 |  4- 6 || total
-------------------------+-------+-------++-------
Melee: Hand axe          |   143 |    70 ||   213
Throw: Dart              |     8 |     1 ||     9
Invok: Trog's Hand       |     1 |     1 ||     2
       Berserk           |     1 |     1 ||     2
  Use: Scroll            |     6 |     2 ||     8
       Potion            |     1 |     4 ||     5
 Stab: Sleeping          |     2 |     2 ||     4
Armor: Animal skin       |    38 |    17 ||    55
       Skin              |       |     6 ||     6
Dodge: Dodged            |   113 |    49 ||   162
